 Dungeon Crawl Stone Soup version 0.27-a0-1105-g946c659c87 (webtiles) character file.

Game seed: 17373390865140267691

148 Feb132020 the Sneak (level 5, -1/33 HPs)
             Began as a Kobold Delver on Apr 30, 2021.
             Was a Believer of Vehumet.
             Slain by a hobgoblin
             ... wielding a +0 great sword
              (15 damage)
             ... on level 3 of the Dungeon.
             The game lasted 00:15:57 (3677 turns).

Feb132020 the Sneak (Kobold Delver)                 Turns: 3677, Time: 00:15:58

Health: -1/33      AC:  4    Str:  9    XL:     5   Next: 56%
Magic:  6/6        EV: 15    Int: 12    God:    Vehumet [**....]
Gold:   74         SH:  0    Dex: 19    Spells: 4/6 levels left

rFire    + . .     SeeInvis .   a - +0 short sword
rCold    . . .     Faith    .   (shield restricted)
rNeg     + . .     Spirit   .   b - +0 leather armour
rPois    .         Reflect  .   (no helmet)
rElec    .         Harm     .   (no cloak)
rCorr    .         Rampage  .   s - +0 pair of gloves
Will     .....                  (no boots)
Stlth    +++++.....             (no amulet)
HPRegen  0.11/turn              h - ring of protection from fire
MPRegen  0.10/turn              m - ring of positive energy

@: no status effects
A: small, no large weapons, nightstalker 3, agile 1, sense surroundings 1,
screaming 1, wild magic 1
a: Renounce Religion


You were on level 3 of the Dungeon.
You worshipped Vehumet.
Vehumet was pleased with you.
You visited 1 branch of the dungeon, and saw 5 of its levels.

You collected 155 gold pieces.
You spent 81 gold pieces at shops.

Inventory:

Hand Weapons
 a - a +0 short sword (weapon)
Missiles
 z - 13 poisoned darts (quivered)
Armour
 b - a +0 leather armour (worn)
 s - a +0 pair of gloves (worn)
Magical Staves
 k - a staff of death
Jewellery
 h - a ring of protection from fire (left hand)
 m - a ring of positive energy (right hand)
Wands
 g - a wand of digging (3)
 x - a wand of polymorph (3)
Scrolls
 c - a scroll of fog
 d - a scroll of magic mapping
 e - 2 scrolls of fear
 j - a scroll of teleportation
 l - 2 scrolls of amnesia
 n - a scroll of identify {unknown}
 p - a scroll of enchant weapon {unknown}
 q - a scroll of silence {unknown}
 t - a scroll of vulnerability
 v - a scroll of enchant armour {unknown}
 w - a scroll of brand weapon {unknown}
 y - a scroll of noise {unknown}
Potions
 f - 2 potions of haste
 i - a potion of magic
 o - a potion of mutation
 r - a potion of curing {unknown}
 u - a potion of lignification {unknown}


   Skills:
 + Level 3.7 Fighting
 + Level 4.2 Short Blades
 + Level 1.1 Armour
 + Level 2.9 Dodging
 + Level 7.7 Stealth
 * Level 1.0 Spellcasting
 - Level 0.3 Ice Magic
 * Level 0.3 Earth Magic


You had 4 spell levels left.
You knew the following spells:

 Your Spells              Type           Power      Damage    Failure   Level
a - Freeze                Ice            4%         1d3       43%         1
b - Sandblast             Erth           2%         2d4       43%         1

Your spell library contained the following spells:

 Spells                   Type           Power      Damage    Failure   Level


Dungeon Overview and Level Annotations

Branches:
Dungeon (5/15)
 Temple: D:4-7

Altars:
Sif Muna
Vehumet

Shops:
D:2 *   D:3 =[

Annotations:
D:3 exclusion: 2 wights, Terence
D:5 exclusion: jelly


Innate Abilities, Weirdness & Mutations

You are small and have problems with some larger weapons.
You are completely attuned to the shadows.
You are agile. (Dex +2)
You passively map a small area around you.
You occasionally shout uncontrollably at your foes.
Your spells are a little harder to cast, but a little more powerful.


Message History

The adder is almost dead.
You feel sick. The adder bites you.
* * * LOW HITPOINT WARNING * * *
It was a potion of magic.
Magic courses through your body.
You feel sick.
You are no longer poisoned.
The adder misses you.
It was a potion of mutation.
You feel extremely strange.
You feel agile.
You feel the urge to shout.
You feel a strange attunement to the structure of the dungeons.
You feel less in control of your magic. The adder misses you.
You hit the adder.
You kill the adder!
Vehumet accepts your kill.
Your Spellcasting skill increases to level 1!
A hobgoblin comes into view. It is wielding a +0 great sword.
Cast which spell? (? or * to list)
Okay, then.
Unknown command.
You see here a +0 dagger.
You start resting.
A hobgoblin is nearby!
The hobgoblin shouts!
The hobgoblin closely misses you.
You hit the hobgoblin.
The hobgoblin is moderately wounded.
The hobgoblin hits you with a +0 great sword.
You are too injured to fight recklessly!
You barely miss the hobgoblin.
The hobgoblin is moderately wounded.
The hobgoblin misses you.
You hit the hobgoblin but do no damage.
The hobgoblin is moderately wounded.
The hobgoblin misses you.
You hit the hobgoblin but do no damage.
The hobgoblin is moderately wounded.
The hobgoblin barely misses you.
There is a stone staircase leading down here.
The hobgoblin hits you with a +0 great sword!
You die...

...############.........#########
...........................)....>
...############........########..
...# #####.#### #.. ...#
#####.#### ### #.## #........# #
#..# #........# # ##.# #........#
### ##.# #.@......# ##.. .#.#
#.g..∩...# #..# ...#
#####........# ##.## ...####
##...).@......# #..#
......####..###........# ##.##
..#.#......####...)....# ##..###
..#.####...............# ##......
.##.#######....##....#####.......
###...### ####..#................


You could see Terence and a hobgoblin.

Vanquished Creatures
  A hound (D:3)
  Jessica (D:2)
  An adder (D:3)
  2 worms
  3 dart slugs
  4 orcs (D:3)
  7 endoplasms
  2 giant cockroaches (D:1)
  8 goblins
  6 hobgoblins
  4 jackals (D:1)
  2 quokkas
  7 ball pythons
  5 bats
  5 kobolds
  4 rats
62 creatures vanquished.

Notes
Turn   | Place    | Note
-------+----------+-------------------------------------------
     0 | D:5      | Feb132020 the Kobold Delver began the quest for the Orb.
     0 | D:5      | Reached XP level 1. HP: 14/14 MP: 1/1
    13 | D:5      | Noticed a jelly
    37 | D:5      | Found a shimmering blue altar of Sif Muna.
    50 | D:5      | Noticed an iguana
    59 | D:5      | Noticed an ogre
    88 | D:4      | Noticed a hound
   209 | D:3      | Found Inab's Armour Shop.
   213 | D:3      | Reached XP level 2. HP: 19/19 MP: 2/2
   227 | D:3      | Reached skill level 7 in Stealth
   334 | D:3      | Noticed Terence
   788 | D:3      | Noticed a wight
   843 | D:3      | Reached XP level 3. HP: 16/23 MP: 3/3
   896 | D:3      | Found Ciaklooc's Jewellery Boutique.
  1001 | D:2      | Noticed Jessica
  1007 | D:2      | HP: 1/23 [Jessica/+0 club (6)]
  1008 | D:2      | Killed Jessica
  1009 | D:2      | Reached XP level 4. HP: 1/28 MP: 4/4
  1461 | D:1      | Found a faded altar of an unknown god.
  1464 | D:1      | Became a worshipper of Vehumet
  1464 | D:1      | Reached * piety under Vehumet
  1464 | D:1      | Offered knowledge of Freeze by Vehumet.
  1542 | D:1      | Learned a level 1 spell: Freeze
  1964 | D:1      | Noticed an ogre
  2733 | D:2      | Reached ** piety under Vehumet
  2733 | D:2      | Offered knowledge of Sandblast by Vehumet.
  2736 | D:2      | Learned a level 1 spell: Sandblast
  2866 | D:2      | Found Valait's Assorted Antiques.
  2888 | D:2      | Reached XP level 5. HP: 32/32 MP: 5/5
  3053 | D:2      | Bought a scroll labelled KIMOAJERYZ for 27 gold pieces
  3053 | D:2      | Bought a scroll labelled MICLOC FONTOO for 27 gold pieces
  3053 | D:2      | Bought a scroll labelled JIACU JETHRADGH for 27 gold pieces
  3168 | D:3      | Reached skill level 1 in Armour
  3527 | D:3      | Gained mutation: You are agile. (Dex +2) [potion of
                  | mutation]
  3527 | D:3      | Gained mutation: You occasionally shout uncontrollably at
                  | your foes. [potion of mutation]
  3527 | D:3      | Gained mutation: You passively map a small area around you.
                  | [potion of mutation]
  3527 | D:3      | Gained mutation: Your spells are a little harder to cast,
                  | but a little more powerful. [potion of mutation]
  3529 | D:3      | Reached skill level 1 in Spellcasting
  3677 | D:3      | Slain by a hobgoblin

Illustrated notes

Levels and vault maps discovered:
D:1:      evilmike_arrival_come_back, layout_basic,
          shapermc_ecumenical_altar_mp_urbaneastern, grunt_decor_clamped
D:2:      layout_basic, serial_shops, shop, chequers_serial_rivers_marsh,
          uniq_jessica
D:3:      layout_rooms, serial_shops, shop, shop, minmay_diced_spiral,
          uniq_terence, uniq_natasha
D:4:      layout_layer_cave, minmay_temple_entry_nine_rooms, serial_shops,
          nicolae_shop_overgrown_old_shop, uniq_duvessa, uniq_blork_the_orc
D:5:      layout_basic, grunt_temple_overflow_cloverleaf, kennysheep_donut

Skill      XL: |  1  2  3  4  5 |
---------------+----------------+-----
Stealth        | 7 |  7.7
Short Blades   | 3 4 |  4.2
Armour         | 1 |  1.1
Spellcasting   | 1 |  1.0
Fighting       | |  3.7
Dodging        | |  2.9
Ice Magic      | |  0.3
Earth Magic    | |  0.3

Action                   |  1- 3 |  4- 6 || total
-------------------------+-------+-------++-------
Melee: Short sword       |    72 |   140 ||   212
  Use: Scroll            |       |     3 ||     3
       Potion            |       |     2 ||     2
 Stab: Sleeping          |     3 |    20 ||    23
       Distracted        |       |     2 ||     2
Armor: Leather armour    |     6 |    15 ||    21
Dodge: Dodged            |    31 |    66 ||    97

Table legend: (Time is in decaauts)
 A = Elapsed time spent in this place.
 B = Non-inter-level travel time spent in this place.
 C = Inter-level travel time spent in this place.
 D = Time resting spent in this place.
 E = Time spent auto-exploring this place.
 F = Levels seen in this place.
 G = Mean time per level.
                   A        B        C        D        E       F      G
               +--------+--------+--------+--------+--------+-----+--------+
         Total |   3659 |   3578 |     81 |    126 |   2823 |   5 |  731.8 |
       Dungeon |   3659 |   3578 |     81 |    126 |   2823 |   5 |  731.8 |
               +--------+--------+--------+--------+--------+-----+--------+

Top non-repeatable levels by time:
     D:1: 1333 daAuts
     D:3: 1303 daAuts
     D:2: 837 daAuts
     D:4: 97 daAuts
     D:5: 88 daAuts
